Map: [ESL] Ghost River

Players

Reynor - Winner!

  • Race: Zerg Zerg
  • League: Grandmaster
  • Spawn Location: 1:00

Greenert

  • Race: Terran Terran
  • Spawn Location: 11:00

VOD

Have the link to the VOD?

Description

Time

  • Played on: Aug. 5, 2024, 12:11 p.m.
  • Length: 8:52
Show
View Real Time Build Order
Export as new Build Order

Reynor Zerg - Winner!

Build Orders: Hatch First 

Get SALT Encoding   

  12  0:00  Drone  
  13  0:08  Drone  
  14  0:15  Drone, Extractor  
  15  0:37  Hatchery  
  14  0:42  Extractor  
  14  0:43  Drone  
  14  0:48  Overlord  
  15  1:02  Spawning Pool  
  14  1:06  Drone  
  14  1:10  Drone  
  16  1:13  Drone  
  16  1:18  Drone  
  18  1:28  Drone, Extractor  
  18  1:39  Drone  
  19  1:49  Queen x2  
  19  1:52  Zergling x4  
  25  2:01  Overlord  
  25  2:02  Drone  
  26  2:11  Drone x2  
  28  2:22  Drone x2  
  30  2:25  Queen  
  32  2:30  Queen  
  32  2:35  Overlord  
  34  2:45  Drone, Roach Warren  
  34  2:48  Drone  
  34  2:50  Drone  
  36  2:54  Drone  
  36  2:55  Drone  
  38  3:04  Overlord  
  38  3:24  Roach x3  
  38  3:25  Roach x3  
  50  3:33  Roach  
  52  3:34  Overlord  
  52  3:39  Overlord  
  52  3:50  Overlord  
  54  3:55  Drone x3  
  54  3:56  Drone  
  54  3:58  Ravager  
  54  3:59  Drone, Hatchery  
  54  4:02  Drone  
  58  4:04  Drone  
  59  4:10  Drone x3  
  59  4:12  Extractor  
  59  4:13  Drone  
  59  4:16  Drone  
  63  4:18  Drone x2  
  63  4:20  Ravager  
  66  4:25  Queen  
  66  4:30  Overlord  
  68  4:33  Drone x2  
  68  4:35  Overlord  
  70  4:39  Extractor  
  70  4:41  Drone x3  
  70  4:43  Drone  
  73  4:48  Queen  
  73  4:51  Drone x2  
  73  4:52  Drone  
  78  4:55  Drone x2  
  78  4:58  Extractor  
  79  5:01  Lair  
  79  5:05  Drone x2  
  81  5:12  Roach  
  83  5:15  Drone  
  83  5:17  Queen  
  83  5:20  Evolution Chamber, Roach  
  87  5:21  Overlord  
  87  5:24  Drone  
  87  5:28  Drone  
  89  5:33  Drone  
  89  5:35  Drone  
  90  5:39  Drone x4  
  94  5:44  Evolution Chamber  
  94  5:47  Overlord  
  94  5:48  Roach x4  
  101  5:51  Zerg Ground Armor Level 1  
  101  5:54  Drone  
  102  5:59  Glial Reconstitution  
  102  6:00  Overlord  
  102  6:01  Overseer  
  102  6:02  Drone x2  
  104  6:05  Extractor x2  
  104  6:10  Drone x2  
  104  6:11  Drone, Zerg Missile Weapons Level 1  
  105  6:14  Roach x2  
  105  6:15  Overlord  
  109  6:20  Roach  
  109  6:21  Roach x2  
  109  6:23  Overlord  
  115  6:28  Drone x2  
  115  6:29  Drone x2  
  119  6:33  Drone  
  122  6:40  Roach  
  122  6:45  Hatchery  
  122  6:46  Roach x4  
  129  6:48  Overlord  
  129  6:50  Overlord  
  129  6:55  Roach x2  
  129  6:57  Overlord  
  133  7:02  Roach x2  
  133  7:04  Overlord  
  143  7:08  Roach x3  
  143  7:10  Drone  
  143  7:14  Roach x2  
  143  7:15  Roach  
  150  7:16  Overlord  
  150  7:18  Roach  
  150  7:22  Overlord  
  152  7:23  Roach  
  152  7:28  Ravager x5  
  159  7:30  Roach  
  159  7:33  Overlord  
  161  7:40  Roach x6  
  161  7:41  Overlord  
  173  7:49  Roach x4  
  153  7:54  Roach x3  
  145  7:59  Infestation Pit  
  138  8:07  Roach  
  138  8:08  Roach x5  
  150  8:14  Roach x3  
  150  8:18  Roach  
  150  8:19  Roach  
  160  8:23  Roach x2  
  164  8:38  Drone x2  
  164  8:39  Drone x4  
Show
View Real Time Build Order
Export as new Build Order

Greenert Terran 

Build Orders:  

Get SALT Encoding   

  12  0:00  SCV  
  13  0:12  SCV  
  14  0:17  Supply Depot  
  14  0:24  SCV  
  15  0:39  SCV  
  15  0:40  Barracks  
  16  0:45  Refinery  
  16  0:51  SCV  
  17  1:00  Barracks  
  17  1:04  SCV  
  18  1:16  SCV  
  19  1:28  Reaper  
  19  1:29  Orbital Command  
  19  1:32  Supply Depot  
  21  1:47  Reaper  
  21  1:54  SCV  
  22  2:06  SCV, Reaper  
  24  2:13  Command Center  
  24  2:18  SCV  
  24  2:20  Refinery  
  25  2:23  Reaper  
  26  2:30  SCV  
  26  2:32  Supply Depot  
  27  2:43  SCV  
  28  2:45  Reaper  
  29  2:55  SCV  
  30  3:03  Barracks Reactor  
  30  3:08  Command Center  
  30  3:17  Barracks Tech Lab  
  30  3:24  Factory  
  30  3:26  Orbital Command  
  30  3:38  Marine  
  30  3:40  Marine x2  
  33  3:42  SCV  
  36  3:56  Marine  
  36  3:58  Marine x2  
  37  4:04  Bunker  
  37  4:09  SCV, Bunker  
  39  4:10  Factory Tech Lab  
  39  4:14  Marine  
  39  4:16  Marine  
  41  4:17  Marine  
  41  4:21  Orbital Command  
  41  4:29  Siege Tank  
  44  4:35  Starport  
  44  4:36  SCV x2  
  46  4:48  SCV x2  
  48  5:00  SCV  
  48  5:01  SCV, Siege Tank  
  48  5:02  Supply Depot  
  48  5:06  Barracks Tech Lab, Barracks Reactor  
  53  5:20  Barracks  
  53  5:21  Barracks  
  53  5:22  Barracks  
  53  5:24  SCV x3  
  53  5:26  Starport Reactor  
  53  5:27  Stimpack  
  56  5:34  Marine  
  52  5:36  SCV x2  
  52  5:41  Refinery  
  52  5:42  SCV, Refinery  
  55  5:47  Supply Depot  
  55  5:48  SCV x2, Marine x2  
  59  5:54  SCV  
  60  5:58  Supply Depot  
  60  6:02  Supply Depot  
  60  6:05  Marauder, SCV, Siege Tank  
  60  6:06  SCV  
  60  6:08  SCV  
  60  6:11  Barracks Tech Lab, Barracks Reactor  
  68  6:12  Barracks Tech Lab  
  68  6:15  Marine x2  
  70  6:18  SCV  
  70  6:20  Medivac x2  
  70  6:23  SCV  
  76  6:29  Marauder  
  76  6:32  Combat Shield  
  79  6:33  Marine x2  
  80  6:41  Supply Depot x2  
  80  6:43  Marauder x2  
  84  6:47  Supply Depot  
  84  6:48  Marine x2  
  84  6:53  Concussive Shells  
  86  6:55  Siege Tank  
  86  6:56  Marine x2  
  91  7:03  Marauder  
  91  7:05  Marauder  
  91  7:06  Marauder, Orbital Command  
  97  7:10  SCV  
  97  7:11  SCV  
  97  7:13  Engineering Bay  
  97  7:14  Engineering Bay  
  99  7:15  Marine  
  99  7:16  Marine x2  
  99  7:18  Marine  
  103  7:24  Marauder, Medivac x2  
  103  7:27  Supply Depot  
  103  7:29  Supply Depot  
  109  7:31  Marine  
  110  7:38  SCV x3  
  110  7:40  Marine x3  
  110  7:42  Marine  
  117  7:49  Marauder x2, Marine  
  117  7:50  SCV x2  
  116  7:58  Marine x3  
  116  8:00  Marine  
  116  8:06  SCV  
  116  8:07  SCV, Marine  
  116  8:10  Marine  
  118  8:16  Marine  
  118  8:17  Medivac, Marine  
  116  8:21  Marine x2  
  118  8:33  Marine  
Tags
 
Add a new tag
Caveats
  • Supply blocks, unpowered buildings, or Contaminate may cause inaccurate times.
  • Supply counts are checked every 10 seconds.